 Dungeon Crawl Stone Soup version 0.28-a0-1235-g7c8fac35f0 (webtiles) character file.

Game seed: 7778452568606218642

90105 blank1 the Warrior (level 15, -10/150 HPs)
             Began as a Minotaur Fighter on Dec 24, 2021.
             Was the Champion of Okawaru.
             Mangled by Agnes (27 damage)
             ... on level 15 of the Dungeon.
             The game lasted 00:54:39 (27500 turns).

blank1 the Warrior (Minotaur Fighter)              Turns: 27500, Time: 00:54:39

Health: -10/150    AC: 26    Str: 41    XL:     15   Next: 51%
Magic:  15/20      EV: 14    Int:  8    God:    Okawaru [******]
Gold:   1517       SH:  0    Dex: 12    Spells: 14/14 levels left

rFire   + . .      SeeInvis .   l - +7 battleaxe of Aserghos {vorpal, Str+4 Int+3}
rCold   . . .      Faith    +   (shield currently unavailable)
rNeg    . . .      Spirit   .   c - +1 plate armour {rF+}
rPois   .          Reflect  .   k - +2 hat
rElec   .          Harm     .   d - scarf {shadows}
rCorr   .          Rampage  .   z - +1 pair of gloves
Will    +....                   (no boots)
Stlth   ..........              y - amulet of faith
HPRegen 0.35/turn               w - ring "Faemero" {AC+4 Str+5}
MPRegen 0.17/turn               x - +6 ring of strength

@: finesse-ful
A: horns 2, retaliatory headbutt
a: Renounce Religion, Heroism, Finesse, Duel


You were on level 15 of the Dungeon.
You worshipped Okawaru.
Okawaru was exalted by your worship.
You visited 3 branches of the dungeon, and saw 22 of its levels.
You also visited: Gauntlet and Volcano.

You collected 1517 gold pieces.

Inventory:

Hand Weapons
 l - the +7 battleaxe of Aserghos (weapon) {vorpal, Str+4 Int+3}
   (Okawaru gifted it to you on level 2 of the Lair of Beasts)

   It inflicts extra damage upon your enemies.
   Str:       It affects your strength (+4).
   Int:       It affects your intelligence (+3).
 t - a +3 flail
 I - the +1 war axe "Pariewkoa" {flame, Contam Will++ Int+2}
   (Okawaru gifted it to you on level 6 of the Lair of Beasts)

   It burns those it strikes, dealing additional fire damage.
   Big, fiery blades are also staple armaments of hydra-hunters.
   Int:       It affects your intelligence (+2).
   Contam:    It causes magical contamination when unequipped.
   Will:      It greatly increases your willpower.
 K - a +5 double sword
Armour
 c - a +1 plate armour of fire resistance (worn)
 d - a scarf of shadows (worn)
 k - a +2 hat (worn)
 z - a +1 pair of gloves (worn)
 E - a +0 kite shield
 O - a +1 buckler of protection
Jewellery
 w - the ring "Faemero" (left hand) {AC+4 Str+5}
   (You found it on level 5 of the Dungeon)

   [ring of protection]

   AC:        It affects your AC (+4).
   Str:       It affects your strength (+5).
 x - a +6 ring of strength (right hand)
 y - an amulet of faith (around neck)
 B - a ring of protection from cold
 C - an amulet of regeneration
 J - a ring of see invisible
 L - a ring of willpower
 P - a ring of flight
Wands
 b - a wand of paralysis (9)
 r - a wand of flame (44)
 v - a wand of iceblast (19)
 M - a wand of acid (6)
 Q - a wand of polymorph (5)
Scrolls
 a - a scroll of enchant armour
 e - 3 scrolls of teleportation
 j - 5 scrolls of identify
 o - 3 scrolls of blinking
 q - 6 scrolls of fear
 s - 4 scrolls of enchant weapon
 u - 6 scrolls of fog
Potions
 f - 4 potions of attraction
 g - 6 potions of curing
 h - 4 potions of lignification
 i - 3 potions of haste
 m - 10 potions of heal wounds
 n - a potion of resistance
 p - 2 potions of magic
 A - 4 potions of flight
 D - 2 potions of might
 F - 3 potions of brilliance
 G - 3 potions of mutation
 H - 4 potions of cancellation


   Skills:
 + Level 18.7 Fighting
 - Level 17.0 Axes
 - Level 16.0 Armour
 - Level 12.0 Dodging
 - Level 4.0 Shields
 - Level 8.0 Invocations


You had 14 spell levels left.
You didn't know any spells.
Your spell library contained the following spells:

 Spells                   Type           Power      Damage    Failure   Level
 Pain                     Necr           0%         1d4       82%         1
 Slow                     Hex            0%         N/A       82%         1
 Blink                    Tloc           0%         N/A       91%         2
 Ensorcelled Hibernation  Hex/Ice        0%         N/A       91%         2
 Passwall                 Tmut/Erth      0%         N/A       91%         2
 Confusing Touch          Hex            0%         N/A       99%         3
 Lesser Beckoning         Tloc           0%         N/A       99%         3
 Ozocubu's Armour         Ice            0%         N/A       99%         3
 Stone Arrow              Conj/Erth      0%         3d7       99%         3
 Swiftness                Air            0%         N/A       99%         3
 Vampiric Draining        Necr           0%         2d6       99%         3
 Fulminant Prism          Conj/Hex       0%         3d6       100%        4
 Iskenderun's Mystic Bla  Conj/Tloc      0%         2d3       100%        4
 Passage of Golubria      Tloc           0%         N/A       100%        4
 Agony                    Necr           0%         N/A       100%        5
 Blade Hands              Tmut           0%         N/A       100%        5
 Excruciating Wounds      Necr           0%         N/A       100%        5
 Irradiate                Conj/Tmut      0%         3d14      100%        5
 Lee's Rapid Deconstruct  Erth           0%         3d5*      100%        5
 Manifold Assault         Tloc           0%         N/A       100%        5
 Metabolic Englaciation   Hex/Ice        0%         N/A       100%        5
 Yara's Violent Unravell  Hex/Tmut       0%         3d3       100%        5
 Eringya's Noxious Bog    Tmut/Pois      0%         N/A       100%        6
 Dragon Form              Tmut           0%         N/A       100%        7
 Ozocubu's Refrigeration  Ice            0%         4d5       100%        7
 Lehudib's Crystal Spear  Conj/Erth      0%         10d2      100%        8
 Tukima's Dance           Hex            Unusable   N/A       N/A         3
 Animate Armour           Summ/Erth      Unusable   N/A       N/A         4
 Summon Forest            Summ/Tloc      Unusable   N/A       N/A         5
 Simulacrum               Ice/Necr       Unusable   N/A       N/A         6
 Summon Hydra             Summ           Unusable   N/A       N/A         7

Dungeon Overview and Level Annotations

Branches:
Dungeon (15/15)            Temple (1/1) D:6            Lair (6/6) D:9
 Shoals (0/4) Lair:4        Snake (0/4) Lair:2        Slime (0/5) Lair:6
    Orc (0/2) D:11         Vaults (0/5) D:14         Depths (0/4) D:15
Volcano (visited)         Gauntlet (visited)

Altars:
Ashenzari
Cheibriados
Dithmenos
Elyvilon
Fedhas
Gozag
Hepliaklqana
Kikubaaqudgha
Makhleb
Nemelex Xobeh
Okawaru
Qazlal
Ru
Sif Muna
Trog
Uskayaw
Vehumet
Wu Jian
Xom
Yredelemnul
Zin
The Shining One
Jiyva

Annotations:
D:15 Agnes


Innate Abilities, Weirdness & Mutations

You have a pair of horns on your head.
You reflexively headbutt those who attack you in melee.


Message History

You are too injured to fight recklessly!
Unknown command.
You are too injured to fight recklessly!
Unknown command.
You are too injured to fight recklessly!
Unknown command.
You are too injured to fight recklessly!
Unknown command.
You are too injured to fight recklessly!
Unknown command.
You can now deal lightning-fast blows.
You hear a shout! x2
Agnes hits you with a +0 lajatang of speed!
* * * LOW HITPOINT WARNING * * *
Agnes barely misses you. You furiously retaliate!
You headbutt Agnes.
The centaur shoots an arrow.
The arrow barely misses you.
Agnes bows.
Agnes hits you with a +0 lajatang of speed!
* * * LOW HITPOINT WARNING * * *
You feel much better. Agnes barely misses you. You furiously retaliate!
You headbutt Agnes.
Agnes hits you with a +0 lajatang of speed!!
* * * LOW HITPOINT WARNING * * *
The centaur unwields a +0 shortbow.
The centaur barely misses you. x2
Agnes hits you with a +0 lajatang of speed!!
* * * LOW HITPOINT WARNING * * *
You feel much better.
Agnes hits you with a +0 lajatang of speed!!
* * * LOW HITPOINT WARNING * * *
An ogre comes into view. It is wielding a +0 giant spiked club.
Agnes hits you with a +0 lajatang of speed.
* * * LOW HITPOINT WARNING * * *
The centaur hits you but does no damage.
The centaur kicks you but does no damage.
A cyclops comes into view.
You feel much better.
Agnes hits you with a +0 lajatang of speed!
* * * LOW HITPOINT WARNING * * *
Agnes hits you with a +0 lajatang of speed!!
You die...

* *,,,**,,,,,,.....,,** #....# *
***,,,***,,,,,*....,** ##.....
****,,,,,,O..,,,***#..#####....#.
,,,,,,,,,*#...,,* *#..........#.
***,,,,,***#..,** ##.........## *
***,,** #..C* ###.#......##*
**,,* *#..#####...#.....#..*
*,,,* #..i.......###.##..##
**,,** #..c@...#..# ###,..#
*,,,** ##.....##### ***##
***,,,,* #...### ,,,,,,,* #.###
**,,,,,******#.*** ****
**,,,,,,,,,,..,,***,,*
*,,,,,,,,,..*,,,,,,,*
*,,*******,,**,,,********* **,,**
*,,***,,*,,,,,,,*****


You could see Agnes, a cyclops, an ogre and a centaur.

Vanquished Creatures
  Kirke (Lair:4)
  Nessos (D:13)
  A minotaur (Gauntlet)
  Snorg (D:13)
  2 fire dragons
  Josephine (D:13)
  A vault guard (D:14)
  2 boulder beetles
  9 hydras
  2 centaur warriors
  A merfolk avatar (Lair:6)
  A catoblepas (D:13)
  7 two-headed ogres
  A hell hog (Volcano)
  17 death yaks
  A tengu warrior (D:14)
  Urug (D:12)
  A sixfirhy (Gauntlet)
  A fire crab (Lair:6)
  A fire crab (shapeshifter) (D:14)
  5 skeletal warriors (D:14)
  2 sea snakes (Lair:6)
  2 deep elf pyromancers
  2 cyclopes
  7 ugly things (D:14)
  A manticore (Lair:6)
  A moth of wrath (Gauntlet)
  A salamander (Volcano)
  A merfolk siren (Lair:4)
  12 elephants
  5 black mambas
  14 cane toads
  2 torpor snails (Lair:3)
  4 kobold demonologists
  6 rime drakes
  An unseen horror (D:12)
  A tengu conjurer (D:14)
  2 minotaur zombies (Gauntlet)
  7 komodo dragons
  6 trolls
  3 hornets
  2 polar bears
  A wolf spider simulacrum (D:14)
  25 blink frogs
  7 slime creatures
  2 snapping turtles (Lair:6)
  2 redbacks (Gauntlet)
  A shadow (D:11)
  5 centaur simulacra
  6 wyverns (Lair:4)
  5 wraiths
  4 hogs
  5 basilisks
  64 yaks
  2 steam dragons
  12 vampire mosquitoes
  2 acid dragons
  4 nagas (Lair:2)
  15 water moccasins
  3 hell hounds (Volcano)
  A swamp drake (D:11)
  2 orc warriors
  4 black bears
  4 necrophages
  An ice beast (D:7)
  18 wolves
  3 ogres
  10 centaurs
  7 kobold brigands
  A gnoll sergeant (D:13)
  7 bullfrogs
  A scorpion (D:4)
  5 killer bees (D:8)
  10 wights
  6 howler monkeys
  2 electric eels
  4 centaur zombies
  A wyvern simulacrum (Gauntlet)
  2 bullfrog zombies
  6 orc priests
  4 hounds
  A centaur skeleton (D:6)
  A jelly (D:5)
  A scorpion zombie (D:5)
  5 iguanas
  3 orc wizards
  A killer bee zombie (D:6)
  9 gnolls
  12 adders
  A shadow imp (D:6)
  7 ufetubi
  2 worms
  2 dart slugs
  33 orcs
  5 ball pythons
  6 endoplasms
  3 giant cockroaches
  7 goblins
  13 hobgoblins
  A jackal (D:4)
  36 kobolds
  3 quokkas
  A bat (D:2)
  4 frilled lizards
  8 rats
569 creatures vanquished.

Vanquished Creatures (others)
  39 fungi
  54 plants
93 creatures vanquished.

Grand Total: 662 creatures vanquished

Notes
Turn   | Place    | Note
-------+----------+-------------------------------------------
     0 | D:1      | blank1 the Minotaur Fighter began the quest for the Orb.
     0 | D:1      | Reached XP level 1. HP: 19/19 MP: 0/0
   263 | D:1      | Reached XP level 2. HP: 27/27 MP: 1/1
   552 | D:1      | Reached skill level 1 in Dodging
   894 | D:2      | Reached skill level 4 in Fighting
   894 | D:2      | Reached XP level 3. HP: 33/33 MP: 2/2
  1014 | D:2      | Found a faded altar of an unknown god.
  1274 | D:2      | Reached XP level 4. HP: 40/40 MP: 3/3
  2019 | D:3      | Found a transporter.
  2042 | D:3      | Found a transporter.
  2100 | D:3      | You fall into a shaft and drop 1 floor!
  2100 | D:4      | Noticed a kobold brigand
  2114 | D:4      | Reached XP level 5. HP: 23/47 MP: 4/4
  2290 | D:4      | Found a radiant altar of Vehumet.
  2290 | D:4      | Noticed an ogre
  2303 | D:4      | Reached skill level 5 in Fighting
  2303 | D:4      | Reached skill level 5 in Axes
  2309 | D:4      | Reached XP level 6. HP: 35/56 MP: 5/5
  2316 | D:4      | Reached skill level 6 in Fighting
  3616 | D:4      | Reached skill level 7 in Fighting
  3845 | D:4      | Reached XP level 7. HP: 62/66 MP: 6/6
  4193 | D:5      | Entered Level 5 of the Dungeon
  4441 | D:5      | Noticed a vampire mosquito
  4441 | D:5      | Noticed a vampire mosquito
  4451 | D:5      | Killed a vampire mosquito
  4452 | D:5      | Reached skill level 8 in Fighting
  4469 | D:5      | Killed a vampire mosquito
  4492 | D:5      | Noticed a vampire mosquito
  4516 | D:5      | Noticed a vampire mosquito
  4525 | D:5      | Killed a vampire mosquito
  4526 | D:5      | Reached skill level 5 in Armour
  4526 | D:5      | Reached XP level 8. HP: 12/74 MP: 7/7
  5021 | D:5      | Identified the ring "Faemero" {AC+4 Str+5}
  5704 | D:6      | Reached skill level 9 in Fighting
  5747 | D:6      | Reached XP level 9. HP: 63/82 MP: 8/8
  6360 | D:6      | Found a staircase to the Ecumenical Temple.
  6381 | Temple   | Entered the Ecumenical Temple
  6626 | Temple   | Became a worshipper of Warmaster Okawaru
  6936 | D:7      | Reached skill level 1 in Invocations
  6941 | D:7      | Reached skill level 10 in Fighting
  6941 | D:7      | Reached skill level 10 in Axes
  7027 | D:7      | Reached * piety under Okawaru
  8007 | D:8      | Reached skill level 5 in Dodging
  8721 | D:9      | Found a staircase to the Lair.
  8848 | D:9      | Noticed a troll
  8859 | D:9      | Killed a troll
  8958 | D:9      | Reached ** piety under Okawaru
  9090 | D:9      | Found a broken altar of Ashenzari.
  9115 | D:9      | Noticed a two-headed ogre
  9128 | D:9      | Killed a two-headed ogre
  9129 | D:9      | Reached XP level 10. HP: 50/94 MP: 11/11
  9367 | D:9      | Reached *** piety under Okawaru
  9381 | D:9      | Reached skill level 11 in Fighting
  9701 | D:10     | Entered Level 10 of the Dungeon
 10537 | D:10     | Reached **** piety under Okawaru
 10943 | Lair:1   | Entered Level 1 of the Lair of Beasts
 10944 | Lair:1   | Noticed a cane toad
 10954 | Lair:1   | Killed a cane toad
 10955 | Lair:1   | Reached skill level 12 in Fighting
 11202 | D:9      | Reached ***** piety under Okawaru
 11204 | D:9      | Reached XP level 11. HP: 72/104 MP: 12/12
 11373 | Lair:1   | Reached skill level 10 in Armour
 11466 | Lair:1   | Noticed a seven-headed hydra
 11475 | Lair:1   | Killed a seven-headed hydra
 11677 | Lair:1   | Reached skill level 13 in Fighting
 11685 | Lair:1   | Received a gift from Okawaru
 12491 | Lair:2   | Reached skill level 14 in Fighting
 12584 | Lair:2   | Found a dark tunnel.
 12594 | Volcano  | Entered a volcano
 12859 | Volcano  | Noticed a two-headed ogre
 12859 | Volcano  | Noticed a two-headed ogre
 12869 | Volcano  | Killed a two-headed ogre
 12872 | Volcano  | Killed a two-headed ogre
 12941 | Volcano  | Noticed a hell hog
 12941 | Volcano  | Noticed a two-headed ogre
 12949 | Volcano  | Killed a hell hog
 12962 | Volcano  | Killed a two-headed ogre
 13407 | Lair:2   | Identified the +7 battleaxe of Aserghos {vorpal, Str+4
                  | Int+3} (Okawaru gifted it to you on level 2 of the Lair of
                  | Beasts)
 13407 | Lair:2   | Received a gift from Okawaru
 13408 | Lair:2   | Reached XP level 12. HP: 62/117 MP: 13/13
 13634 | Lair:2   | Found a staircase to the Snake Pit.
 14737 | Lair:3   | Noticed a four-headed hydra
 14753 | Lair:3   | Killed a four-headed hydra
 14753 | Lair:3   | Received a gift from Okawaru
 15004 | Lair:3   | Reached skill level 5 in Invocations
 15167 | Lair:3   | Reached skill level 15 in Fighting
 15678 | Lair:4   | Noticed a death yak
 15746 | Lair:4   | Noticed a death yak
 15746 | Lair:4   | Noticed a death yak
 15747 | Lair:4   | Noticed a death yak
 15747 | Lair:4   | Noticed a death yak
 15748 | Lair:4   | Noticed a death yak
 15748 | Lair:4   | Noticed a death yak
 15749 | Lair:4   | Noticed a death yak
 15749 | Lair:4   | Noticed a death yak
 15750 | Lair:4   | Noticed a death yak
 15751 | Lair:4   | Noticed a death yak
 15752 | Lair:4   | Noticed a death yak
 15753 | Lair:4   | Noticed a death yak
 15761 | Lair:4   | Killed a death yak
 15765 | Lair:4   | Killed a death yak
 15765 | Lair:4   | Killed a death yak
 15765 | Lair:4   | Reached ****** piety under Okawaru
 15768 | Lair:4   | Killed a death yak
 15768 | Lair:4   | Received a gift from Okawaru
 15769 | Lair:4   | Killed a death yak
 16138 | Lair:3   | Killed a death yak
 16140 | Lair:3   | Killed a death yak
 16141 | Lair:3   | Reached XP level 13. HP: 68/128 MP: 16/16
 16382 | Lair:4   | Reached skill level 15 in Axes
 16383 | Lair:4   | Reached skill level 16 in Fighting
 16794 | Lair:4   | Received a gift from Okawaru
 16940 | Lair:4   | Noticed Kirke
 16956 | Lair:4   | Noticed a sphinx
 17499 | Lair:4   | Killed Kirke
 17697 | Lair:4   | Upgraded the game from 0.28-a0-1234-g826d19b2e0 to
                  | 0.28-a0-1235-g7c8fac35f0
 17946 | Lair:4   | Found a staircase to the Shoals.
 18909 | Lair:5   | Reached skill level 10 in Dodging
 19284 | Lair:6   | Entered Level 6 of the Lair of Beasts
 19292 | Lair:6   | Identified the +0 scale mail of Intercession {Will- Regen+
                  | Int+8} (Okawaru gifted it to you on level 6 of the Lair of
                  | Beasts)
 19292 | Lair:6   | Received a gift from Okawaru
 19293 | Lair:6   | Reached XP level 14. HP: 124/137 MP: 17/17
 20410 | Lair:6   | Found a staircase to the Slime Pits.
 20569 | Lair:6   | Identified the +1 war axe "Pariewkoa" {flame, Contam Will++
                  | Int+2} (Okawaru gifted it to you on level 6 of the Lair of
                  | Beasts)
 20569 | Lair:6   | Received a gift from Okawaru
 20574 | Lair:6   | Reached skill level 17 in Fighting
 20794 | Lair:6   | Found a viscous altar of Jiyva.
 21964 | D:11     | Found a staircase to the Orcish Mines.
 21974 | D:11     | Reached skill level 18 in Fighting
 22246 | D:11     | Received a gift from Okawaru
 22812 | D:12     | Noticed Urug
 22824 | D:12     | Killed Urug
 23090 | D:12     | Found a shadowy altar of Dithmenos.
 23642 | D:13     | Noticed Nessos
 24170 | D:13     | Killed Nessos
 24689 | D:13     | Noticed Snorg
 24696 | D:13     | Reached XP level 15. HP: 122/149 MP: 20/20
 24697 | D:13     | Killed Snorg
 24697 | D:13     | Received a gift from Okawaru
 24961 | D:13     | Reached skill level 15 in Armour
 25121 | D:13     | Noticed Josephine
 25127 | D:13     | Killed Josephine
 25836 | D:14     | Found a gate to the Vaults.
 26014 | D:14     | Received a gift from Okawaru
 26365 | D:14     | Found an ornate altar of the Wu Jian Council.
 27150 | D:15     | Entered Level 15 of the Dungeon
 27159 | D:15     | Found a gate leading to a gauntlet.
 27167 | Gauntlet | Entered a Gauntlet
 27167 | Gauntlet | Found a transporter.
 27167 | Gauntlet | Found a runed translucent door.
 27176 | Gauntlet | Found a transporter.
 27180 | Gauntlet | Found a transporter.
 27188 | Gauntlet | Found a transporter.
 27192 | Gauntlet | Found a transporter.
 27199 | Gauntlet | Found a runed translucent door.
 27201 | Gauntlet | Found a transporter.
 27217 | Gauntlet | Found a transporter.
 27234 | Gauntlet | Found a transporter.
 27235 | Gauntlet | Found a transporter.
 27243 | Gauntlet | Found a transporter.
 27247 | Gauntlet | Found a transporter.
 27251 | Gauntlet | Found a runed translucent door.
 27255 | Gauntlet | Found a transporter.
 27314 | Gauntlet | Identified the ring "Xelaumit" {Ice rElec Str-5 Dex+8
                  | Stlth-}
 27489 | D:15     | Noticed Agnes
 27500 | D:15     | Mangled by Agnes

Illustrated notes

Levels and vault maps discovered:
D:1:      heliophobic_arrival_henge, layout_basic
D:2:      layout_basic, serial_forest, infiniplex_forest_diagonal,
          infiniplex_forest_straight_3, infiniplex_forest_lined_room_2,
          infiniplex_forest_clump_small, infiniplex_forest_clump_small,
          infiniplex_forest_end_1, infiniplex_forest_clump_long,
          infiniplex_forest_end_2, infiniplex_forest_straight_2,
          dreamdust_ecumenical_altar_hidden_monk_grotto, minmay_pentomino_s2
D:3:      gammafunk_wand_slinger, layout_basic, skrybe_limestone_x,
          grunt_decor_clamped, item_on_display_a
D:4:      minmay_clustersquares, layout_basic, minmay_ruined_shrine
D:5:      lemuel_ice_spiral_2, layout_basic
D:6:      layout_rooms, minmay_temple_entry_butterflies, minivault_14
D:7:      layout_basic, minivault_22, dk_rats_in_the_wall
D:8:      layout_basic
D:9:      layout_stronghold, cheibrodos_ashenzari_chains, lair_entry_dummy
D:10:     layout_irregular_city
D:11:     layout_layer_cave, erik_orc_1, chequers_garden
D:12:     layout_roguey, nicolae_dithmenos_through_a_glass_darkly, uniq_urug
D:13:     layout_long_grid, uniq_nessos, uniq_snorg, uniq_josephine
D:14:     layout_roguey, david_vaults_5, nzn_wu_jian_contemplation,
          nicolae_elevator_lobby_plus
D:15:     gammafunk_depths_entry_grave, layout_layer_cave,
          gauntlet_entry_generic, portal_ice_cave_entry_ice_statue_two,
          led_sif_pool, uniq_louise, uniq_agnes
Temple:   mainiacjoe_temple_starburst
Lair:1:   layout_loops_ring, grunt_megastairs_3
Lair:2:   layout_gridlike, minmay_snake_entry_guardpost_small, enter_volcano_1,
          serial_bayou_shore_a
Lair:3:   layout_cave_pods, st_stairs_4
Lair:4:   layout_regular_city, minmay_shoals_entry_lonely_mermaid, st_stairs_7,
          beast_lair_carwin_8, grunt_megastairs_5, uniq_kirke
Lair:5:   layout_long_grid
Lair:6:   gammafunk_lair_ancient_temple, layout_gridlike, slime_altar_1

Skill      XL: |  1  2  3  4  5  6  7  8  9 10 11 12 13 14 15 |
---------------+----------------------------------------------+-----
Dodging        | 1 2 3 4 6 7 10 12 | 12.0
Shields        | 4 |  4.0
Fighting       | 4 5 7 8 9 10 12 14 15 16 18 | 18.7
Armour         | 4 5 6 8 9 11 12 14 16 | 16.0
Axes           | 3 4 5 6 9 10 12 13 14 16 17 | 17.0
Invocations    | 3 6 8 |  8.0

Action                   |  1- 3 |  4- 6 |  7- 9 | 10-12 | 13-15 || total
-------------------------+-------+-------+-------+-------+-------++-------
Melee: War axe           |    69 |   128 |   249 |   227 |       ||   673
       Headbutt          |    12 |    14 |    59 |   122 |   177 ||   384
       Flail             |       |       |       |    16 |    34 ||    50
       Battleaxe         |       |       |       |   102 |   519 ||   621
       Unarmed           |       |       |       |       |    12 ||    12
       Punch             |       |       |       |       |     2 ||     2
Invok: Heroism           |       |       |       |     5 |     6 ||    11
       Finesse           |       |       |       |     2 |     1 ||     3
Evoke: Wand              |       |     8 |       |       |       ||     8
  Use: Potion            |       |     2 |       |     1 |     5 ||     8
       Scroll            |       |     1 |     9 |     9 |     6 ||    25
Armor: Scale mail        |    26 |    52 |    84 |    17 |       ||   179
       Chain mail        |       |       |    54 |    57 |       ||   111
       Plate armour      |       |       |       |   118 |   346 ||   464
Dodge: Dodged            |    27 |    75 |   146 |   161 |   389 ||   798
Block: Buckler           |    12 |    30 |    67 |    25 |       ||   134
       Kite shield       |       |       |       |    46 |       ||    46

Table legend: (Time is in decaauts)
 A = Elapsed time spent in this place.
 B = Non-inter-level travel time spent in this place.
 C = Inter-level travel time spent in this place.
 D = Time resting spent in this place.
 E = Time spent auto-exploring this place.
 F = Levels seen in this place.
 G = Mean time per level.
                   A        B        C        D        E       F      G
               +--------+--------+--------+--------+--------+-----+--------+
         Total |  27536 |  26249 |   1287 |   6096 |  15684 |  24 | 1147.3 |
       Dungeon |  16978 |  16278 |    700 |   4114 |   9737 |  15 | 1131.9 |
        Temple |    301 |    246 |     55 |      0 |    232 |   1 |  301.0 |
          Lair |   9285 |   8753 |    532 |   1633 |   5414 |   6 | 1547.5 |
       Volcano |    718 |    718 |      0 |    349 |    199 |   1 |  718.0 |
      Gauntlet |    252 |    252 |      0 |      0 |    102 |   1 |  252.0 |
               +--------+--------+--------+--------+--------+-----+--------+

Top non-repeatable levels by time:
  Lair:3: 1923 daAuts
    D:12: 1850 daAuts
  Lair:6: 1684 daAuts
  Lair:2: 1622 daAuts
  Lair:4: 1563 daAuts
    D:14: 1509 daAuts
    D:11: 1488 daAuts
     D:9: 1481 daAuts
     D:4: 1468 daAuts
     D:5: 1340 daAuts
  Lair:1: 1267 daAuts
    D:10: 1262 daAuts
  Lair:5: 1223 daAuts
     D:6: 1132 daAuts
     D:3: 1004 daAuts
